 Dungeon Crawl Stone Soup version 0.28.0-1-gb440e238dd (webtiles) character file.

Game seed: 15603447877026671255

9801 Woods the Severer (level 11, -1/99 HPs)
             Began as a Minotaur Fighter on Feb 23, 2022.
             Was an Initiate of Yredelemnul.
             Slain by a manticore (10 damage)
             ... on level 11 of the Dungeon.
             The game lasted 00:19:49 (13993 turns).

Woods the Severer (Minotaur Fighter)               Turns: 13993, Time: 00:19:50

Health: -1/99      AC: 15    Str: 20    XL:     11   Next: 27%
Magic:  12/12      EV:  8    Int:  5    God:    Yredelemnul [......]
Gold:   361        SH:  5    Dex: 15    Spells: 10/10 levels left

rFire   . . .      SeeInvis .   a - +0 war axe
rCold   . . .      Faith    +   c - +0 buckler
rNeg    . . .      Spirit   .   A - +0 plate armour
rPois   +          Reflect  .   (helmet restricted)
rElec   .          Harm     .   q - scarf {repulsion}
rCorr   .          Rampage  .   (no gloves)
Will    +....                   x - +2 pair of boots of Modesty {Stlth+}
Stlth   ..........              H - amulet of faith
HPRegen 0.26/turn               j - ring of willpower
MPRegen 0.13/turn               p - ring of poison resistance

@: repel missiles
A: horns 2, retaliatory headbutt
a: Renounce Religion, Recall Undead Harvest


You were on level 11 of the Dungeon.
You worshipped Yredelemnul.
Yredelemnul was noncommittal.
You visited 2 branches of the dungeon, and saw 12 of its levels.

You collected 451 gold pieces.
You spent 90 gold pieces at shops.

Inventory:

Hand Weapons
 a - a +0 war axe (weapon)
Missiles
 E - 2 throwing nets (quivered)
Armour
 b - a +0 scale mail
 c - a +0 buckler (worn)
 q - a scarf of repulsion (worn)
 x - the +2 pair of boots of Modesty (worn) {Stlth+}
   (You found it on level 6 of the Dungeon)

   Stlth:     It makes you more stealthy.
 A - a +0 plate armour (worn)
Jewellery
 d - an amulet of magic regeneration
 h - a ring of resist corrosion
 j - a ring of willpower (left hand)
 p - a ring of poison resistance (right hand)
 y - a +6 ring of strength
 H - an amulet of faith (around neck)
Wands
 m - a wand of digging (6)
 n - a wand of polymorph (12)
 o - a wand of flame (24)
Scrolls
 e - 2 scrolls of immolation {unknown}
 i - 2 scrolls of magic mapping {unknown}
 l - 2 scrolls of teleportation
 r - a scroll of amnesia {unknown}
 t - 3 scrolls of vulnerability {unknown}
 u - 2 scrolls of enchant weapon
 B - a scroll of fear {unknown}
 F - 2 scrolls of identify
 I - a scroll of enchant armour {unknown}
 J - a scroll of summoning {unknown}
 K - a scroll of silence {unknown}
Potions
 f - 4 potions of attraction
 k - a potion of brilliance
 s - 2 potions of mutation
 v - 5 potions of curing
 w - a potion of resistance {unknown}
 z - 2 potions of flight {unknown}
 C - a potion of haste {unknown}
 D - a potion of magic {unknown}
 G - 2 potions of might


   Skills:
 - Level 10.0 Fighting
 - Level 16.0 Axes
 + Level 5.3 Armour
 + Level 7.0 Dodging
 + Level 5.3 Shields
 + Level 3.0 Invocations


You had 10 spell levels left.
You didn't know any spells.
Your spell library contained the following spells:

 Spells                   Type           Power      Damage    Failure   Level
 Animate Skeleton         Necr           0%         N/A       100%        1
 Apportation              Tloc           0%         N/A       100%        1
 Summon Small Mammal      Summ           0%         N/A       100%        1
 Corpse Rot               Necr/Air       0%         N/A       100%        2
 Poisonous Vapours        Pois/Air       0%         N/A       100%        2
 Ignite Poison            Fire/Tmut/Pois 0%         N/A       100%        3
 Mephitic Cloud           Conj/Pois/Air  0%         N/A       100%        3
 Dispel Undead            Necr           0%         3d6       100%        4
 Freezing Cloud           Conj/Ice/Air   0%         6-21      100%        5
 Death Channel            Necr           Unusable   N/A       N/A         6

Dungeon Overview and Level Annotations

Branches:
Dungeon (11/15)            Temple (1/1) D:7            Lair (0/6) D:8
    Orc (0/2) D:9

Altars:
Ashenzari
Cheibriados
Dithmenos
Elyvilon
Fedhas
Gozag
Hepliaklqana
Kikubaaqudgha
Makhleb
Qazlal
Ru
Sif Muna
Uskayaw
Vehumet
Wu Jian
Xom
Yredelemnul
Zin
The Shining One

Shops:
D:2 =   D:4 (

Annotations:
D:7 Maggie


Innate Abilities, Weirdness & Mutations

You have a pair of horns on your head.
You reflexively headbutt those who attack you in melee.


Message History

The manticore bites you but does no damage.
The manticore claws you but does no damage.
The manticore claws you!
You hit the manticore but do no damage. You headbutt the manticore!
The manticore is moderately wounded.
You hit the manticore but do no damage. You headbutt the manticore.
The manticore is moderately wounded.
The manticore barely misses you. The manticore claws you.
The manticore barely misses you.
You hit the manticore.
You headbutt the manticore, but do no damage.
The manticore is heavily wounded.
The manticore bites you!
* * * LOW HITPOINT WARNING * * *
The manticore completely misses you.
The manticore claws you but does no damage.
You feel much better. The manticore bites you! The manticore claws you!
* * * LOW HITPOINT WARNING * * *
The manticore barely misses you.
You barely miss the manticore.
The manticore is heavily wounded.
You slash the manticore! Your headbutt misses the manticore.
The manticore is severely wounded.
The manticore bites you but does no damage.
The manticore claws you but does no damage.
The manticore closely misses you.
You slash the manticore!
You headbutt the manticore, but do no damage.
The manticore is almost dead.
The manticore bites you.
* * * LOW HITPOINT WARNING * * *
The manticore closely misses you. The manticore claws you.
* * * LOW HITPOINT WARNING * * *
You hit the manticore but do no damage. You headbutt the manticore.
The manticore is almost dead.
The manticore bites you!
* * * LOW HITPOINT WARNING * * *
The manticore claws you!
You die...
Your body rises from the dead as a mindless zombie.

.......
.......
.......
.......
.......
.......
##.(.....
#@H......
#........
#........
#........
#........
##.......
#.....#
######


You could see a manticore.

Vanquished Creatures
  Harold (D:7)
  Maurice (D:9)
  A wyvern (D:9)
  15 yaks
  A wraith (D:10)
  A vampire mosquito (D:10)
  A steam dragon (D:8)
  Menkaure (D:5)
  A water moccasin (D:7)
  Duvessa (D:7)
  3 ice beasts
  2 orc warriors
  3 black bears
  3 necrophages
  2 wolves (D:10)
  2 ogres (D:6)
  A sky beast (D:6)
  4 centaurs
  3 phantoms
  Blork the orc (D:4)
  2 bullfrogs
  2 kobold brigands
  A scorpion (D:5)
  A gnoll sergeant (D:7)
  2 wyvern skeletons
  Dowan (D:7)
  15 killer bees
  3 wights (D:9)
  3 centaur zombies
  2 bullfrog skeletons (D:5)
  A centaur skeleton (D:7)
  A gnoll shaman (D:10)
  8 hounds
  A jelly (D:5)
  4 orc priests
  Crazy Yiuf (D:7)
  Natasha (thrice) (D:3)
  An iguana (D:5)
  6 orc wizards
  2 hell rats (D:8)
  A hound skeleton (D:4)
  20 gnolls
  7 adders
  A howler monkey skeleton (D:7)
  A white imp (D:5)
  An ufetubus (D:6)
  3 worms
  A dart slug (D:2)
  19 orcs
  5 bats
  8 endoplasms
  2 giant cockroaches
  5 goblins
  8 hobgoblins
  4 jackals (D:2)
  3 quokkas
  3 ball pythons
  5 frilled lizards
  26 kobolds
  7 rats
238 creatures vanquished.

Vanquished Creatures (collateral kills)
  A troll (D:9)
  4 yaks
  A vampire mosquito (D:10)
  Grum (D:10)
  A kobold brigand (D:9)
  A killer bee (D:9)
9 creatures vanquished.

Vanquished Creatures (others)
  A yak zombie (D:9)
  A kobold zombie (D:9)
2 creatures vanquished.

Grand Total: 249 creatures vanquished

Notes
Turn   | Place    | Note
-------+----------+-------------------------------------------
     0 | D:1      | Woods the Minotaur Fighter began the quest for the Orb.
     0 | D:1      | Reached XP level 1. HP: 19/19 MP: 0/0
   149 | D:1      | Found a faded altar of an unknown god.
   198 | D:1      | Reached skill level 3 in Axes
   217 | D:1      | Reached XP level 2. HP: 25/26 MP: 1/1
   814 | D:2      | Reached skill level 4 in Axes
   815 | D:2      | Found a broken altar of Ashenzari.
   909 | D:2      | Reached XP level 3. HP: 29/31 MP: 2/2
  1155 | D:2      | Found Noxt's Jewellery Boutique.
  1757 | D:3      | Reached skill level 5 in Axes
  1757 | D:3      | Reached XP level 4. HP: 35/39 MP: 3/3
  2265 | D:3      | Noticed Natasha
  2284 | D:3      | Killed Natasha
  2285 | D:3      | Reached skill level 6 in Axes
  2425 | D:3      | Noticed Natasha
  2438 | D:3      | Killed Natasha
  2439 | D:3      | Reached XP level 5. HP: 19/45 MP: 4/4
  2648 | D:3      | Noticed Natasha
  2669 | D:3      | Killed Natasha
  3275 | D:4      | Reached skill level 7 in Axes
  3303 | D:4      | Found Etipt's Antique Weapon Emporium.
  3536 | D:4      | Noticed a phantom
  3550 | D:4      | Killed a phantom
  3551 | D:4      | Reached XP level 6. HP: 42/51 MP: 5/5
  3633 | D:4      | Reached skill level 8 in Axes
  3926 | D:4      | Noticed Blork the orc
  4142 | D:4      | Killed Blork the orc
  4143 | D:4      | Reached skill level 9 in Axes
  4143 | D:4      | Reached XP level 7. HP: 50/57 MP: 6/6
  4482 | D:5      | Entered Level 5 of the Dungeon
  4574 | D:5      | Reached skill level 10 in Axes
  4853 | D:5      | Found Zin's Purification Station.
  4856 | D:5      | Found a glowing silver altar of Zin.
  4861 | D:5      | Bought a potion of curing for 90 gold pieces
  4982 | D:5      | Reached skill level 11 in Axes
  5088 | D:5      | Found a glowing golden altar of the Shining One.
  5098 | D:5      | Reached XP level 8. HP: 64/64 MP: 7/7
  5102 | D:5      | Noticed Menkaure
  5116 | D:5      | Killed Menkaure
  5573 | D:5      | Reached skill level 12 in Axes
  5742 | D:5      | Found a shimmering altar of Xom.
  5808 | D:5      | Found a hide-covered altar of Uskayaw.
  6352 | D:6      | Reached skill level 13 in Axes
  6864 | D:6      | Reached XP level 9. HP: 41/70 MP: 8/8
  7028 | D:6      | Reached skill level 14 in Axes
  7282 | D:6      | Identified the +2 pair of boots of Modesty {Stlth+}
  7424 | D:7      | Noticed Duvessa
  7424 | D:7      | Noticed Dowan
  7807 | D:7      | Found an ornate altar of the Wu Jian Council.
  7865 | D:7      | Killed Duvessa
  7866 | D:7      | Reached skill level 15 in Axes
  7877 | D:7      | Killed Dowan
  8275 | D:7      | Noticed Maggie
  8783 | D:7      | Noticed Harold
  8846 | D:7      | Found a runed translucent door.
  8847 | D:7      | Noticed Crazy Yiuf
  8854 | D:7      | Killed Crazy Yiuf
  9002 | D:8      | Reached skill level 16 in Axes
  9203 | D:8      | Reached skill level 1 in Dodging
  9287 | D:8      | Found a burning altar of Makhleb.
  9401 | D:8      | Found a radiant altar of Vehumet.
  9699 | D:8      | Noticed a death yak
  9767 | D:8      | Reached skill level 5 in Fighting
  9969 | D:8      | Reached XP level 10. HP: 39/81 MP: 9/9
 10275 | D:8      | Found a staircase to the Lair.
 10275 | D:8      | Noticed a death yak
 10275 | D:8      | Noticed a death yak
 10657 | D:7      | Found a staircase to the Ecumenical Temple.
 10787 | D:7      | Killed Harold
 10988 | Temple   | Entered the Ecumenical Temple
 11031 | Temple   | Became a worshipper of Yredelemnul the Dark
 11572 | D:9      | Reached skill level 5 in Dodging
 11618 | D:9      | Reached * piety under Yredelemnul
 11624 | D:9      | Reached ** piety under Yredelemnul
 11722 | D:9      | Found a staircase to the Orcish Mines.
 11878 | D:9      | Noticed Maurice
 11904 | D:9      | Reached *** piety under Yredelemnul
 11912 | D:9      | Killed Maurice
 12290 | D:9      | Found a shadowy altar of Dithmenos.
 12387 | D:9      | Reached skill level 10 in Fighting
 12396 | D:9      | Reached **** piety under Yredelemnul
 12401 | D:9      | Reached skill level 1 in Invocations
 12567 | D:9      | Found a white marble altar of Elyvilon.
 12741 | D:9      | Reached ***** piety under Yredelemnul
 12787 | D:9      | You fall into a shaft and drop 1 floor!
 12787 | D:10     | Entered Level 10 of the Dungeon
 12819 | D:10     | Reached XP level 11. HP: 99/99 MP: 11/11
 13046 | D:10     | Found a shimmering blue altar of Sif Muna.
 13057 | D:10     | Reached skill level 5 in Armour
 13059 | D:10     | Reached skill level 5 in Shields
 13517 | D:10     | Noticed Grum
 13525 | D:10     | Killed Grum
 13530 | D:10     | Reached ****** piety under Yredelemnul
 13993 | D:11     | Slain by a manticore

Illustrated notes

Levels and vault maps discovered:
D:1:      matt_arrival_los_fun, layout_loops_ring,
          ebering_ecumenical_altar_sacrificial
D:2:      layout_basic, basic_altar, serial_shops, shop
D:3:      layout_loops_ring, st_stairs_14, uniq_natasha
D:4:      layout_cave_pools, serial_shops, nicolae_shop_behind_doors,
          uniq_blork_the_orc
D:5:      layout_cave_pools, nicolae_uskayaw_suspiria, zin_purify,
          nicolae_tso_carved_into_rock, mainiacjoe_overflow_alcove_4,
          grunt_ministairs_11, kennysheep_generic_room_16, uniq_menkaure
D:6:      layout_loops_cross, minivault_24
D:7:      layout_gridville, nicolae_overflow_crystal_walls,
          minmay_temple_entry_nine_rooms, uniq_maggie, uniq_duvessa,
          uniq_crazy_yiuf_cottage, uniq_harold
D:8:      layout_basic, vehumet_altar_wand_db, mainiacjoe_overflow_tiny_flanked,
          dpeg_lair_monsters, lightli_orcish_oven
D:9:      layout_loops_corners, grunt_temple_overflow_bloody_war,
          mainiacjoe_overflow_swirl, nicolae_dithmenos_shadow_blocks,
          uniq_maurice
D:10:     layout_rooms, nicolae_sif_muna_condensation, uniq_grum
D:11:     layout_rooms
Temple:   jpeg_temple_island

Skill      XL: |  1  2  3  4  5  6  7  8  9 10 11 |
---------------+----------------------------------+-----
Axes           | 3 4 5 6 7 9 11 13 16 | 16.0
Fighting       | 5 10 | 10.0
Dodging        | 3 6 7 |  7.0
Armour         | 4 5 |  5.3
Shields        | 4 5 |  5.3
Invocations    | 1 3 |  3.0

Action                   |  1- 3 |  4- 6 |  7- 9 | 10-12 || total
-------------------------+-------+-------+-------+-------++-------
Melee: War axe           |    84 |   137 |   281 |   251 ||   753
       Headbutt          |     8 |    22 |    62 |    72 ||   164
Invok: Recall Undead Har |       |       |       |     9 ||     9
       Dark Bargain      |       |       |       |     2 ||     2
  Use: Potion            |       |     1 |       |     1 ||     2
       Scroll            |       |     5 |     4 |     2 ||    11
 Stab: Distracted        |       |       |       |     1 ||     1
Armor: Scale mail        |    37 |    44 |   116 |       ||   197
       Plate armour      |       |       |    21 |   103 ||   124
Dodge: Dodged            |    38 |    67 |   129 |    72 ||   306
       Repelled          |       |       |       |     3 ||     3
Block: Buckler           |    22 |    24 |    69 |    45 ||   160
